 Dungeon Crawl Stone Soup version 0.17.2-1-ge4368a0 (webtiles) character file.

57 ololoev the Chopper (level 3, 7/29 HPs)
             Began as a Demonspawn Berserker on July 26, 2016.
             Was a Follower of Trog.
             Quit the game on level 3 of the Dungeon.
             The game lasted 00:01:48 (332 turns).

ololoev the Chopper (Demonspawn Berserker)           Turns: 332, Time: 00:01:48

Health: 7/29       AC:  7    Str: 18    XL:     3   Next: 73%
Magic:  3/3        EV: 10    Int:  8    God:    Trog [*.....]
Gold:   25         SH:  0    Dex: 12    Spells: 0 memorised, 2 levels left

rFire  . . .     SeeInvis .     a - +0 hand axe
rCold  . . .     Clarity  +     e - +0 scale mail
rNeg   . . .     SustAt   .     (no shield)
rPois  .         Gourm    .     d - +0 helmet
rElec  .         Spirit   .     (no cloak)
rCorr  .         Warding  .     (no gloves)
rMut   .         Stasis   .     (no boots)
MR     .....                    g - amulet of clarity
Stlth  ..........               (no ring)
                                (no ring)

@: exhausted, slowed, very slow, not resistant to hostile enchantments,
extremely unstealthy
A: hooves 1
a: Berserk, Burn Spellbooks, Renounce Religion


Innate Abilities, Weirdness & Mutations

You have large cloven feet.

Inventory:

Hand Weapons
 a - a +0 hand axe (weapon)
Armour
 d - a +0 helmet (worn)
 e - a +0 scale mail (worn)
Jewellery
 g - an amulet of clarity (around neck)
Scrolls
 h - a scroll of teleportation {unknown}
 i - 2 scrolls of identify {unknown}
Potions
 b - a potion of lignification {unknown}
 j - a potion of curing {unknown}
Comestibles
 c - a bread ration
 f - 5 chunks of flesh


   Skills:
 - Level 3.0 Fighting
 * Level 3.8 Axes
 + Level 2.6 Armour
 - Level 1.7 Dodging


You had 2 spell levels left.
You didn't know any spells.


You were on level 3 of the Dungeon.
You worshipped Trog.
Trog was aware of your devotion.
You were not hungry.

You visited 1 branch of the dungeon, and saw 3 of its levels.

You collected 25 gold pieces.

# .. ###. ###
... ..#
#.######.#
#........#
#.#####..###g@#
........))<#..#
.####..####..#
#........#
#....##.##
#....##...
.......#.####
########. ..

Notes
Turn   | Place    | Note
--------------------------------------------------------------
     0 | D:1      | ololoev the Demonspawn Berserker began the quest for the Orb.
     0 | D:1      | Reached XP level 1. HP: 18/18 MP: 1/1
   209 | D:2      | Gained mutation: You have large cloven feet. [demonic ancestry]
   209 | D:2      | Reached XP level 2. HP: 20/24 MP: 2/2
   309 | D:3      | Reached XP level 3. HP: 29/29 MP: 3/3
   332 | D:3      | Quit the game

Dungeon Overview and Level Annotations

Branches:
Dungeon (3/15)

Altars:


Message History

Your scale mail prevents you from hitting the gnoll.
You kick the gnoll.
The gnoll is heavily wounded.
The gnoll barely misses you.
You slash the gnoll!
You kill the gnoll!
Trog accepts your kill. The gnoll barely misses you.
Items here: )) †† a whip; a spear; a gnoll corpse; a gnoll corpse You slash the gnoll!
You kick the gnoll!
The gnoll is almost dead.
The gnoll barely misses you.
You closely miss the gnoll. You kick the gnoll.
You kill the gnoll!
Trog accepts your kill.
You see here a whip.
You feel a strong urge to attack something.
Items here: )) †† a whip; a spear; a gnoll corpse; a gnoll corpse Butcher a gnoll corpse? [(y)es/(c)hop/(n)o/(a)ll/(q)uit/?]
You butcher the gnoll corpse.
You enjoyed that.
You butcher the gnoll corpse.
You enjoyed that.
You are no longer berserk.
You are exhausted.
You feel yourself slow down.
You are feeling very hungry.
f - 5 chunks of flesh (gained 3);
f - 6 chunks of flesh (gained 1)
Things that are here:
a whip; a spear; a gnoll skeleton Unknown command.
Eat one of 6 chunks of flesh? (ye/n/q/i?) This raw flesh tastes terrible.
You continue eating. x2
You see here a whip.
The gnoll hits you with a flail of holy wrath!
You convulse!
Press: ? - help, v - describe, . - travel
Here: a gnoll, wielding a flail of holy wrath The floor.
Are you sure you want to abandon this character and quit the game? (Confirm with "yes".)

You could see a gnoll.

Vanquished Creatures
  3 gnolls (D:3)
  2 adders (D:2)
  3 goblins (D:1)
  2 hobgoblins
  A quokka (D:2)
  A bat (D:1)
  4 giant newts
  2 rats (D:2)
18 creatures vanquished.

Action                   || total
-------------------------++-------
Melee: Hand axe          ||    53
Invok: Berserk           ||     3
 Stab: Distracted        ||     1
  Eat: Chunk             ||     1

Vault maps used:
D:1:      minmay_arrival_doors
D:2:      tso_metal_star, first_bread, kennysheep_okawaru_gauntlet,
          uniq_crazy_yiuf_cottage
D:3:      minmay_goblin_kobold_castle, nicolae_overflow_crystal_walls
